 Dungeon Crawl Stone Soup version 0.31-a0-360-gb3e1d13bf4 (webtiles) character file.

Game seed: 5695528548657862003

12294 CraigForest the Basher (level 12, -4/92 HPs)
             Began as a Meteoran Fighter on July 26, 2023.
             Was a High Priest of Hepliaklqana.
             Killed by divine providence
             ... invoked by an orc priest
              (11 damage)
             ... on level 10 of the Dungeon.
             The game lasted 01:06:25 (5354 turns).

CraigForest the Basher (Meteoran Fighter)           Turns: 5354, Time: 01:06:26

Health: -4/92      AC: 21    Str: 21    XL:     12   Next: 47%
Magic:  13/13      EV: 14    Int: 10    God:    Hepliaklqana [*****.]
Gold:   503        SH: 12    Dex: 16    Spells: 11/11 levels left

rFire   . . .        v - +4 mace (heavy)
rCold   . . .        z - +0 kite shield
rNeg    . . .        o - +4 ring mail
rPois   .            a - +2 helmet
rElec   .            (no cloak)
rCorr   .            n - +0 pair of gloves
SInv    .            x - +0 pair of boots
Will    ++...        (no amulet)
Stlth   +            D - +4 ring of protection
HPRegen 0.35/turn    F - ring of willpower
MPRegen 0.13/turn

%: no passive effects
@: glowing
A: reduced essence, sense surroundings 2, otherworldly, glowing, explore regen
a: Renounce Religion, Recall Ancestor, Ancestor Identity, Transference, Idealise


You were on level 10 of the Dungeon.
You worshipped Hepliaklqana.
Hepliaklqana was extremely pleased with you.
You visited 1 branch of the dungeon, and saw 10 of its levels.
You also visited: Sewer.

You collected 503 gold pieces.

Inventory:

Hand Weapons
 h - a +0 hand axe
 p - the +1 falchion of Grandeur {freeze, rC+}
   (You found it on level 5 of the Dungeon)

   rC:        It protects you from cold.
 v - a +4 heavy mace (weapon)
 N - a +2 heavy spear
 O - a +0 rapier of holy wrath
Missiles
 e - 9 poisoned darts
 r - a throwing net
 w - a boomerang
Armour
 a - a +2 helmet (worn)
 b - a +0 scale mail
 c - a +0 buckler
 d - a +0 plate armour
 f - a +0 pair of boots
 n - a +0 pair of gloves (worn)
 o - a +4 ring mail (worn)
 x - a +0 pair of boots (worn)
 z - a +0 kite shield (worn)
 M - a +0 troll leather armour
Jewellery
 D - a +4 ring of protection (left hand)
 F - a ring of willpower (right hand)
 V - a +6 ring of strength
Wands
 A - a wand of paralysis (8)
 B - a wand of flame (26) (quivered)
 I - a wand of iceblast (18)
 S - a wand of mindburst (11)
 U - a wand of acid (12)
Scrolls
 m - a scroll of brand weapon
 q - a scroll of immolation
 s - a scroll of poison {unknown}
 t - a scroll of summoning {unknown}
 y - a scroll of teleportation
 E - a scroll of amnesia
 G - a scroll of revelation
 H - a scroll of enchant armour {unknown}
 J - a scroll of torment {unknown}
 P - 3 scrolls of fear
 T - a scroll of blinking {unknown}
Potions
 g - a potion of enlightenment
 i - 3 potions of brilliance
 k - a potion of degeneration {unknown}
 l - a potion of ambrosia {unknown}
 u - a potion of magic {unknown}
 C - a potion of cancellation {unknown}
 K - 6 potions of curing
 L - a potion of lignification
 Q - a potion of attraction {unknown}
 R - a potion of mutation {unknown}


   Skills:
 + Level 8.6 Fighting
 + Level 14.5 Maces & Flails
 + Level 8.9 Armour
 + Level 8.5 Dodging
 + Level 10.8 Shields
 + Level 0.9 Unarmed Combat
 + Level 2.5 Evocations


You had 11 spell levels left.
You didn't know any spells.
Your spell library contained the following spells:

 Spells                   Type           Power      Damage    Failure   Level
 Blink                    Tloc           0%         N/A       83%         2
 Cigotuvi's Dreadful Rot  Necr/Pois/Air  0%         N/A       83%         2
 Lesser Beckoning         Tloc           0%         N/A       83%         2
 Momentum Strike          Conj/Tloc      0%         3d8       83%         2
 Poisonous Vapours        Pois/Air       0%         N/A       83%         2
 Mephitic Cloud           Conj/Pois/Air  0%         N/A       97%         3
 Animate Dead             Necr           0%         N/A       100%        4
 Dispel Undead            Necr           0%         3d6       100%        4
 Fireball                 Conj/Fire      0%         3d3       100%        5
 Freezing Cloud           Conj/Ice/Air   0%         6-21      100%        5
 Iskenderun's Battlesphe  Conj           0%         2d6       100%        5
 Conjure Ball Lightning   Conj/Air       0%         3x3d6     100%        6
 Death Channel            Necr           0%         N/A       100%        6
 Simulacrum               Ice/Necr       0%         N/A       100%        6
 Haunt                    Necr/Summ      0%         N/A       100%        7
 Orb of Destruction       Conj           0%         9d5       100%        7
 Ozocubu's Refrigeration  Ice            0%         4d7       100%        7
 Infestation              Necr           0%         N/A       100%        8
 Polar Vortex             Ice            0%         N/A       100%        9


Dungeon Overview and Level Annotations

Branches:
Dungeon (10/15) Zot: 649   Temple (0/1) D:7            Lair (0/5) D:8
    Orc (0/2) D:10          Sewer (visited)

Altars:
Ashenzari
Hepliaklqana
The Shining One

Shops:
D:1 =!


Innate Abilities, Weirdness & Mutations

Your life essence is reduced to manifest your ancestor. (-10% HP)
You passively map the area around you.
You are easily found by Zot.
You glow in the dark.
You regain HP and MP as you explore.


Message History

* * * LOW HITPOINT WARNING * * *
The orc moans, "Oh dear!
Oh dear!"
Cornered, the orc turns to fight! x4
Cornered, the orc warrior turns to fight!
You hear a shout!
You bludgeon the orc knight!!
You kill the orc knight!
The orc no longer looks unusually strong.
You block the orc priest's attack.
The orc warrior prays for help.
You feel much better. You block the orc priest's attack.
You closely miss the orc priest.
Your attack snaps the orc priest out of its fear.
The orc yells, "Help!"
The orc priest casts a cantrip, but nothing happens.
Cornered, the orc warrior turns to fight!
You sock the orc priest!
The orc priest is severely wounded.
The orc hits you but does no damage.
Cornered, the orc warrior turns to fight!
The orc priest hits you but does no damage.
You hit the orc priest.
The orc priest is almost dead.
The orc priest calls down the wrath of Beogh upon you.
Beogh smites you!
* * * LOW HITPOINT WARNING * * *
You closely miss the orc priest.
The orc priest is almost dead.
The orc hits you but does no damage. You block the orc priest's attack.
You sock the orc priest!
You kill the orc priest!
The orc misses you.
The orc priest calls down the wrath of Beogh upon the orc.
Beogh smites you!
* * * LOW HITPOINT WARNING * * *
Cornered, the orc turns to fight!
The orc barely misses you.
Unknown command.
The orc priest mumbles some strange prayers to Beogh against you.
Beogh smites you!
You die...

###.#.# ** #### *
..<...# , ..#...,
###.### ..#..#*, , ..#
*#. ..# * ,* * **###
#. ..##* * #. #.. , #.
#.# * * #####.##.###
#....#...@.# * * #.#
#.##)#o#######..,, ,*
###### #.#
#.#...)..o..o..., ,
.....#
#.###.###8o8#####8'8*
#.###.#....#ooo.o.8 ,
*
#.........##.ooooo...
,,
#####.#.#.##.ooo.._o.o
#.#.#.##......o... ,
#......#.....[>... ,


You could see 2 orc warriors, an orc priest and 8 orcs.

Vanquished Creatures
  Erolcha (D:10)
  A two-headed ogre (D:9)
  Sonja (D:10)
  An orc knight (D:10)
  Joseph (D:10)
  2 trolls
  A polar bear (D:8)
  2 wraiths (D:10)
  A steam dragon (D:10)
  9 yaks
  Menkaure (D:5)
  A water moccasin (D:7)
  2 ice beasts (D:8)
  2 orc warriors
  2 centaurs
  A wolf (D:8)
  A phantom (D:5)
  A kobold brigand (D:8)
  3 bullfrogs
  A scorpion (D:6)
  3 hounds
  3 orc priests (D:10)
  A sleepcap (D:4)
  2 iguanas
  An orc wizard (D:7)
  Robin (D:4)
  12 gnolls
  3 river rats
  12 adders
  A shadow imp (D:6)
  An ufetubus (D:5)
  A worm (D:2)
  2 dart slugs
  8 orcs
  3 bats
  An endoplasm (D:2)
  2 giant cockroaches
  10 goblins
  2 hobgoblins
  5 jackals (D:2)
  7 kobolds
  A quokka (D:3)
  5 ball pythons
  4 frilled lizards
  7 rats
133 creatures vanquished.

Vanquished Creatures (collateral kills)
  Josephine (D:10)
  A two-headed ogre (D:8)
  A rime drake (D:8)
  A troll (D:7)
  Grinder (D:5)
  A hornet (D:9)
  A polar bear (D:8)
  2 wyverns
  A wraith (D:10)
  7 yaks
  A steam dragon (D:9)
  An acid dragon (D:10)
  2 ice beasts
  2 orc warriors
  A black bear (D:8)
  A centaur (D:5)
  2 ogres
  2 phantoms
  A kobold brigand (D:8)
  A gnoll sergeant (D:10)
  A bullfrog (D:8)
  A scorpion (D:6)
  2 hounds (D:6)
  4 orc priests
  4 jellies
  An iguana (D:5)
  2 orc wizards
  6 gnolls
  4 adders
  3 white imps
  An ufetubus (D:5)
  A worm (D:3)
  2 dart slugs
  13 orcs
  A bat (D:3)
  An endoplasm (D:2)
  A giant cockroach (D:2)
  2 hobgoblins (D:4)
  3 jackals
  A quokka (D:4)
  2 ball pythons (D:4)
  6 frilled lizards
  4 goblins
  11 kobolds
  4 rats
112 creatures vanquished.

Vanquished Creatures (others)
  2 battlemagi
2 creatures vanquished.

Grand Total: 247 creatures vanquished

Notes
Turn   | Place    | Note
-------+----------+-------------------------------------------
     0 | D:1      | CraigForest the Meteoran Fighter began the quest for the
                  | Orb.
     0 | D:1      | Reached XP level 1. HP: 19/19 MP: 2/2
    47 | D:1      | Reached XP level 2. HP: 7/26 MP: 3/3
   102 | D:1      | Found Meeheina's Distillery.
   185 | D:1      | Found Malanal's Jewellery Boutique.
   284 | D:1      | Reached XP level 3. HP: 31/31 MP: 4/4
   491 | D:1      | Glimpsed the power of Zot.
   521 | D:1      | Found a faded altar of an unknown god.
   526 | D:1      | Prayed at the altar of an unknown god.
   526 | D:1      | Became a worshipper of Hepliaklqana the Forgotten
   526 | D:1      | Reached * piety under Hepliaklqana
   539 | D:1      | Glimpsed the power of Zot.
   584 | D:2      | Reached skill level 3 in Maces & Flails
   612 | D:2      | Found a glowing golden altar of the Shining One.
   628 | D:2      | Reached XP level 4. HP: 35/36 MP: 5/5
   885 | D:3      | Reached skill level 1 in Dodging
   885 | D:3      | Reached XP level 5. HP: 30/41 MP: 6/6
  1011 | D:3      | Reached skill level 4 in Maces & Flails
  1030 | D:3      | Found a glowing drain.
  1042 | Sewer    | Entered a sewer
  1100 | Sewer    | Reached XP level 6. HP: 39/46 MP: 7/7
  1198 | Sewer    | Reached skill level 5 in Maces & Flails
  1483 | D:3      | Reached ** piety under Hepliaklqana
  1487 | D:3      | Remembered your ancestor Peaches as a battlemage
  1837 | D:4      | Noticed Robin
  1852 | D:4      | Killed Robin
  1856 | D:4      | Reached XP level 7. HP: 40/53 MP: 8/8
  1946 | D:4      | Reached skill level 5 in Armour
  1951 | D:4      | Reached skill level 5 in Shields
  1962 | D:4      | Reached skill level 6 in Maces & Flails
  2081 | D:5      | Entered Level 5 of the Dungeon
  2081 | D:5      | Noticed Grinder
  2089 | D:5      | Killed Grinder
  2090 | D:5      | Reached XP level 8. HP: 60/60 MP: 9/9
  2132 | D:5      | Noticed Menkaure
  2133 | D:5      | Reached skill level 7 in Maces & Flails
  2135 | D:5      | Reached skill level 5 in Fighting
  2150 | D:5      | Killed Menkaure
  2290 | D:5      | Gained mutation: You passively map the area around you.
                  | [Meteoran growth]
  2290 | D:5      | Reached XP level 9. HP: 63/66 MP: 10/10
  2360 | D:5      | Reached skill level 1 in Evocations
  2451 | D:5      | Reached skill level 8 in Maces & Flails
  2522 | D:5      | Identified the +1 falchion of Grandeur {freeze, rC+}
  2610 | D:6      | Reached *** piety under Hepliaklqana
  2618 | D:6      | Found a broken altar of Ashenzari.
  2731 | D:6      | Reached skill level 5 in Dodging
  2792 | D:6      | Reached skill level 9 in Maces & Flails
  3282 | D:7      | Found a staircase to the Ecumenical Temple.
  3342 | D:7      | Reached XP level 10. HP: 74/74 MP: 11/11
  3409 | D:7      | Reached skill level 10 in Maces & Flails
  4000 | D:8      | Reached **** piety under Hepliaklqana
  4022 | D:8      | Reached skill level 11 in Maces & Flails
  4027 | D:8      | Noticed a rime drake
  4031 | D:8      | Killed a rime drake
  4038 | D:8      | Found a staircase to the Lair.
  4096 | D:8      | Noticed a two-headed ogre
  4100 | D:8      | Reached XP level 11. HP: 82/82 MP: 12/12
  4103 | D:8      | Killed a two-headed ogre
  4104 | D:8      | Reached skill level 12 in Maces & Flails
  4551 | D:9      | Noticed a two-headed ogre
  4565 | D:9      | Killed a two-headed ogre
  4660 | D:9      | Reached skill level 13 in Maces & Flails
  4665 | D:9      | Reached skill level 10 in Shields
  4692 | D:9      | Paralysed by a hornet for 1 turns
  4809 | D:9      | Reached ***** piety under Hepliaklqana
  4936 | D:10     | Entered Level 10 of the Dungeon
  4946 | D:10     | Noticed Erolcha
  4952 | D:10     | Killed Erolcha
  5008 | D:10     | Noticed Joseph
  5023 | D:10     | Killed Joseph
  5024 | D:10     | Reached XP level 12. HP: 74/91 MP: 13/13
  5099 | D:10     | Noticed Josephine
  5108 | D:10     | Killed Josephine
  5109 | D:10     | Reached skill level 14 in Maces & Flails
  5201 | D:10     | Noticed Sonja
  5210 | D:10     | Killed Sonja
  5326 | D:10     | Noticed an orc knight
  5330 | D:10     | Found a staircase to the Orcish Mines.
  5344 | D:10     | HP: 2/92 [orc priest/divine providence (12)]
  5345 | D:10     | Killed an orc knight
  5354 | D:10     | Killed from afar by an orc priest

Illustrated notes

Levels and vault maps discovered:
D:1:      lemuel_arrival_funnel, layout_basic, ebering_ecumenical_altar_hall,
          serial_shops, nicolae_shop_tiny_statue_garden, shop,
          nicolae_shop_just_a_little_nook
D:2:      layout_basic, basic_altar, minmay_misc_feat_square
D:3:      layout_basic, portal_sewer_entry_e
D:4:      layout_rooms, nicolae_overflow_two_pavilions, uniq_robin
D:5:      layout_basic, mainiacjoe_overflow_alcove_2, uniq_grinder,
          uniq_menkaure
D:6:      layout_rooms, lemuel_round_altar
D:7:      layout_basic, minmay_temple_entry_nine_rooms,
          hangedman_abyss_or_decor_lesser_grid, minivault_23
D:8:      layout_basic, hellmonk_lair_entry_icy, patterned_corridor
D:9:      layout_loops_ring, serial_aquarium, aquarium_bridge_square
          [aquarium_subvault_window, aquarium_subvault_balcony,
          aquarium_subvault_bridge, aquarium_subvault_bridge],
          aquarium_bridge_straight [aquarium_subvault_bridge,
          aquarium_subvault_window, aquarium_subvault_bridge,
          aquarium_subvault_window], aquarium_window_fake, aquarium_window_2,
          aquarium_view_2c, aquarium_balcony_3b, aquarium_pool_1,
          minmay_misc_feat_doors
D:10:     minmay_goldmine, layout_loops_ring, david_orc_5, st_stairs_1,
          uniq_maurice, uniq_erolcha, uniq_josephine, uniq_joseph, uniq_sonja

Skill      XL: |  1  2  3  4  5  6  7  8  9 10 11 12 |
---------------+-------------------------------------+-----
Armour         | 4 5 6 7 8 |  8.9
Shields        | 4 5 6 8 10 | 10.8
Maces & Flails | 3 4 5 6 7 9 11 13 14 | 14.5
Dodging        | 1 2 3 4 5 6 7 8 |  8.5
Fighting       | 4 5 6 7 8 |  8.6
Evocations     | 2 |  2.5
Unarmed Combat | |  0.9

Action                     |  1- 3 |  4- 6 |  7- 9 | 10-12 || total
---------------------------+-------+-------+-------+-------++-------
  Melee: Flail             |    58 |   126 |       |       ||   184
         Mace              |       |    22 |    85 |   180 ||   287
         Unarmed           |       |    11 |       |       ||    11
 Invoke: Ancestor Identity |       |     1 |       |       ||     1
         Ancestor Life: Ba |       |     1 |       |       ||     1
  Evoke: Wand              |       |       |     7 |     4 ||    11
    Use: Scroll            |       |     5 |     7 |     6 ||    18
         Potion            |       |       |     1 |     3 ||     4
   Stab: Distracted        |       |       |     1 |     3 ||     4
 Armour: Scale mail        |    47 |     4 |       |       ||    51
         Ring mail         |       |    86 |    63 |    62 ||   211
         Skin              |       |       |       |     7 ||     7
  Dodge: Dodged            |    29 |    97 |    47 |    73 ||   246
  Block: Buckler           |    14 |    63 |    11 |       ||    88
         Kite shield       |       |       |    45 |   136 ||   181

Table legend: (Time is in decaauts)
 A = Elapsed time spent in this place.
 B = Non-inter-level travel time spent in this place.
 C = Inter-level travel time spent in this place.
 D = Time resting spent in this place.
 E = Time spent auto-exploring this place.
 F = Levels seen in this place.
 G = Mean time per level.
                   A        B        C        D        E       F      G
               +--------+--------+--------+--------+--------+-----+--------+
         Total |   5581 |   2232 |   3349 |      0 |    490 |  11 |  507.4 |
       Dungeon |   5349 |   2000 |   3349 |      0 |    490 |  10 |  534.9 |
         Sewer |    232 |    232 |      0 |      0 |      0 |   1 |  232.0 |
               +--------+--------+--------+--------+--------+-----+--------+

Top non-repeatable levels by time:
     D:3: 712 daAuts
     D:8: 711 daAuts
     D:7: 695 daAuts
     D:9: 593 daAuts
     D:1: 567 daAuts
     D:5: 550 daAuts
    D:10: 442 daAuts
     D:6: 394 daAuts
     D:4: 354 daAuts
     D:2: 327 daAuts
   Sewer: 232 daAuts
